 Dungeon Crawl Stone Soup version 0.27.1-3-gb3d3a73c9e (webtiles) character file.

Game seed: 8306349171782809303

193 Hyoran the Ducker (level 5, -3/47 HPs)
             Began as a Gnoll Monk on Oct 12, 2021.
             Was an Initiate of Elyvilon.
             Slain by a hornet (4 damage)
             ... on level 4 of the Dungeon.
             The game lasted 00:23:41 (1822 turns).

Hyoran the Ducker (Gnoll Monk)                      Turns: 1822, Time: 00:23:44

Health: -3/47      AC: 13    Str: 12    XL:     5   Next: 72%
Magic:  7/7        EV: 13    Int:  9    God:    Elyvilon [......]
Gold:   58         SH:  0    Dex: 14    Spells: 7/7 levels left

rFire    . . .     SeeInvis .   i - +0 dagger (protect)
rCold    . . .     Faith    .   (no shield)
rNeg     . . .     Spirit   .   d - +0 ring mail
rPois    .         Reflect  .   (no helmet)
rElec    .         Harm     .   g - +0 cloak
rCorr    .         Rampage  .   (no gloves)
Will     .....                  (no boots)
Stlth    ++........             (no amulet)
HPRegen  0.15/turn              p - ring of flight
MPRegen  0.10/turn              (no ring)

@: lethally poisoned (-3 -> -13), under a protective aura, flying, slowed, very
slow
A: fangs 1, strong nose, distributed training
a: Renounce Religion


You were on level 4 of the Dungeon.
You worshipped Elyvilon.
Elyvilon was noncommittal.
You visited 1 branch of the dungeon, and saw 4 of its levels.

You collected 58 gold pieces.

Inventory:

Hand Weapons
 a - a +0 short sword
 c - a +0 dagger
 e - a +0 short sword
 h - a +0 hand axe
 i - a +0 dagger of protection (weapon)
Missiles
 m - 40 arrows
 o - 40 bolts
Armour
 b - a +0 robe
 d - a +0 ring mail (worn)
 g - a +0 cloak (worn)
 j - a +0 ring mail
Jewellery
 f - an amulet of the acrobat
 p - a ring of flight (left hand)
Wands
 k - a wand of iceblast (7)
Potions
 l - 3 potions of ambrosia {unknown}
 n - 2 potions of mutation {unknown}


   Skills:
 + Level 6.7 Fighting
 + Level 6.7 Short Blades
 + Level 1.6 Long Blades
 + Level 1.6 Axes
 + Level 1.6 Maces & Flails
 + Level 1.6 Polearms
 + Level 1.6 Staves
 + Level 1.6 Slings
 + Level 1.6 Bows
 + Level 1.6 Crossbows
 + Level 1.6 Throwing
 + Level 1.6 Armour
 + Level 6.7 Dodging
 + Level 4.4 Stealth
 + Level 1.6 Shields
 + Level 1.6 Unarmed Combat
 + Level 1.6 Spellcasting
 + Level 1.3 Conjurations
 + Level 1.3 Hexes
 + Level 1.3 Summonings
 + Level 1.3 Necromancy
 + Level 1.3 Translocations
 + Level 1.3 Transmutations
 + Level 1.3 Fire Magic
 + Level 1.3 Ice Magic
 + Level 1.3 Air Magic
 + Level 1.3 Earth Magic
 + Level 1.3 Poison Magic
 + Level 1.8 Invocations
 + Level 1.6 Evocations


You had 7 spell levels left.
You didn't know any spells.
Your spell library contained the following spells:

 Spells                   Type           Power      Damage    Failure   Level
 Blink                    Tloc           N/A        N/A       56%         2
 Lesser Beckoning         Tloc           1%         N/A       80%         3
 Manifold Assault         Tloc           3%         N/A       100%        5


Dungeon Overview and Level Annotations

Branches:
Dungeon (4/15)
 Temple: D:4-7

Altars:
Elyvilon
Gozag
Wu Jian
Xom
Zin
The Shining One


Innate Abilities, Weirdness & Mutations

You have very sharp teeth.
Your uncanny sense of smell can sniff out nearby items.
Your experience applies equally to all skills.


Message History

The orc closely misses you.
You hit the orc. Your bite misses the orc.
The orc is almost dead.
You hit the orc.
You kill the orc!
A hornet comes into view.
The hornet buzzes angrily.
You hear a croak.
The hornet stings you.
You feel yourself slow down.
You hit the hornet.
Your weapon exudes an aura of protection.
The hornet is lightly wounded.
The hornet misses you.
A bullfrog comes into view.
The hornet misses you.
You hit the hornet but do no damage. Your bite misses the hornet.
The hornet barely misses you.
You miss the hornet.
The bullfrog hits you but does no damage.
The hornet misses you. The bullfrog barely misses you.
The hornet stings you but does no damage.
You closely miss the hornet.
You feel yourself speed up. The bullfrog hits you.
The hornet barely misses you. The bullfrog hits you.
* * * LOW HITPOINT WARNING * * *
You hit the hornet but do no damage. The hornet stings you.
* * * LOW HITPOINT WARNING * * *
You feel yourself slow down.
The bullfrog hits you but does no damage.
You closely miss the hornet. The hornet stings you.
* * * LOW HITPOINT WARNING * * *
You are lethally poisoned!
You feel as though you will be slow longer.
The bullfrog closely misses you. The hornet closely misses you.
You barely miss the hornet.
* * * LOW HITPOINT WARNING * * *
You feel very sick.
The bullfrog hits you but does no damage.
The hornet stings you.
You die...
Xom thinks this is hilarious!

#.#######
#.. #.#
#.# #.#
#.# #.#
#.# # ∆
#.#.##
#@y..#
#F.....#
##...###
..## ###


You could see a hornet and a bullfrog.

Vanquished Creatures
  An ogre (D:4)
  4 adders
  4 worms
  6 orcs (D:4)
  4 ball pythons
  2 bats
  3 endoplasms
  5 giant cockroaches
  4 goblins
  3 hobgoblins
  4 quokkas
  A frilled lizard (D:2)
  10 kobolds
  7 rats
58 creatures vanquished.

Vanquished Creatures (others)
  A plant (D:3)
1 creature vanquished.

Grand Total: 59 creatures vanquished

Notes
Turn   | Place    | Note
-------+----------+-------------------------------------------
     0 | D:1      | Hyoran the Gnoll Monk began the quest for the Orb.
     0 | D:1      | Reached XP level 1. HP: 23/23 MP: 1/1
    88 | D:1      | Found a faded altar of an unknown god.
   123 | D:1      | Became a worshipper of Xom of Chaos
   155 | D:1      | Reached XP level 2. HP: 19/29 MP: 2/2
   280 | D:2      | Reached XP level 3. HP: 9/35 MP: 3/3
   311 | D:2      | HP: 1/35 [adder (1)]
   314 | D:2      | XOM: potion effect (might)
   331 | D:2      | Reached skill level 1 in Invocations
   334 | D:2      | HP: 1/35 [adder (2)]
   338 | D:2      | Reached skill level 1 in Long Blades
   338 | D:2      | Reached skill level 1 in Axes
   338 | D:2      | Reached skill level 1 in Maces & Flails
   338 | D:2      | Reached skill level 1 in Polearms
   338 | D:2      | Reached skill level 1 in Staves
   338 | D:2      | Reached skill level 1 in Slings
   338 | D:2      | Reached skill level 1 in Bows
   338 | D:2      | Reached skill level 1 in Crossbows
   338 | D:2      | Reached skill level 1 in Throwing
   338 | D:2      | Reached skill level 1 in Armour
   338 | D:2      | Reached skill level 1 in Shields
   338 | D:2      | Reached skill level 1 in Unarmed Combat
   338 | D:2      | Reached skill level 1 in Spellcasting
   338 | D:2      | Reached skill level 1 in Evocations
   382 | D:2      | Reached XP level 4. HP: 8/41 MP: 5/5
   766 | D:3      | XOM: silly message
   896 | D:3      | XOM: god gift: wand of iceblast (7)
  1046 | D:3      | Reached skill level 1 in Conjurations
  1046 | D:3      | Reached skill level 1 in Hexes
  1046 | D:3      | Reached skill level 1 in Summonings
  1046 | D:3      | Reached skill level 1 in Necromancy
  1046 | D:3      | Reached skill level 1 in Translocations
  1046 | D:3      | Reached skill level 1 in Transmutations
  1046 | D:3      | Reached skill level 1 in Fire Magic
  1046 | D:3      | Reached skill level 1 in Ice Magic
  1046 | D:3      | Reached skill level 1 in Air Magic
  1046 | D:3      | Reached skill level 1 in Earth Magic
  1046 | D:3      | Reached skill level 1 in Poison Magic
  1048 | D:3      | XOM: silly message
  1135 | D:3      | Found a glowing silver altar of Zin.
  1135 | D:3      | Found a white marble altar of Elyvilon.
  1136 | D:3      | Found a glowing golden altar of the Shining One.
  1160 | D:3      | Fell from the grace of Xom
  1160 | D:3      | Became a worshipper of Elyvilon the Healer
  1317 | D:3      | Found an opulent altar of Gozag.
  1657 | D:4      | Found an ornate altar of the Wu Jian Council.
  1740 | D:4      | Noticed an ogre
  1764 | D:4      | Killed an ogre
  1765 | D:4      | Reached XP level 5. HP: 14/47 MP: 5/7
  1814 | D:4      | Noticed a hornet
  1822 | D:4      | HP: 1/47 [poisoned by a hornet]
  1822 | D:4      | Slain by a hornet

Illustrated notes

Levels and vault maps discovered:
D:1:      dpeg_chamrin_arrival_tetris, layout_loops_cross,
          ebering_ecumenical_altar_abandoned
D:2:      layout_rooms
D:3:      layout_basic, good_gods_temple_1, nicolae_gozag_seed_capital,
          minmay_misc_feat_iff, skrybe_limestone_x
D:4:      layout_loops_ring, nzn_wu_jian_contemplation, uniq_ijyb

Skill      XL: |  1  2  3  4 |
---------------+-------------+-----
Invocations    | 1 |  1.8
Long Blades    | 1 |  1.6
Axes           | 1 |  1.6
Maces & Flails | 1 |  1.6
Polearms       | 1 |  1.6
Staves         | 1 |  1.6
Slings         | 1 |  1.6
Bows           | 1 |  1.6
Crossbows      | 1 |  1.6
Throwing       | 1 |  1.6
Armour         | 1 |  1.6
Shields        | 1 |  1.6
Unarmed Combat | 1 |  1.6
Spellcasting   | 1 |  1.6
Evocations     | 1 |  1.6
Conjurations   | 1 |  1.3
Hexes          | 1 |  1.3
Summonings     | 1 |  1.3
Necromancy     | 1 |  1.3
Translocations | 1 |  1.3
Transmutations | 1 |  1.3
Fire Magic     | 1 |  1.3
Ice Magic      | 1 |  1.3
Air Magic      | 1 |  1.3
Earth Magic    | 1 |  1.3
Poison Magic   | 1 |  1.3
Fighting       | |  6.7
Short Blades   | |  6.7
Dodging        | |  6.7
Stealth        | |  4.4

Action                   |  1- 3 |  4- 6 || total
-------------------------+-------+-------++-------
Melee: Short sword       |    99 |       ||    99
       Bite              |     8 |    15 ||    23
       Punch             |     1 |     1 ||     2
       Dagger            |       |   197 ||   197
  Use: Scroll            |     2 |     3 ||     5
 Stab: Sleeping          |     5 |       ||     5
Armor: Robe              |     2 |       ||     2
       Ring mail         |    12 |    42 ||    54
Dodge: Dodged            |    42 |    85 ||   127
